 Dungeon Crawl Stone Soup version 0.29.1-13-g9f3cf754e1 (webtiles) character file.

Game seed: 7764207897267426276

2 zlionsfan the Sneak (level 1, 0/13 HPs)
             Began as a Deep Elf Delver on Jan 27, 2023.
             Slain by a hound (1 damage)
             ... on level 3 of the Dungeon.
             The game lasted 00:04:05 (666 turns).

zlionsfan the Sneak (Deep Elf Delver)                Turns: 666, Time: 00:04:05

Health: 0/13       AC:  3    Str:  9    XL:     1   Next: 33%
Magic:  3/3        EV: 12    Int: 14    God:
Gold:   63         SH:  0    Dex: 16    Spells: 0/0 levels left

rFire   . . .      SeeInvis .   a - +0 short sword
rCold   . . .      Faith    .   (no shield)
rNeg    . . .      Spirit   .   b - +0 leather armour
rPois   .          Reflect  .   (no helmet)
rElec   .          Harm     .   (no cloak)
rCorr   .          Rampage  .   (no gloves)
Will    .....                   (no boots)
Stlth   +++.......              (no amulet)
HPRegen 0.04/turn               (no ring)
MPRegen 0.08/turn               (no ring)

@: hasted (expiring), very quick
A: no striking features
a: no special abilities


You were on level 3 of the Dungeon.
You visited 1 branch of the dungeon, and saw 4 of its levels.

You collected 63 gold pieces.

Inventory:

Hand Weapons
 a - a +0 short sword (weapon)
Armour
 b - a +0 leather armour (worn)
Wands
 g - a wand of digging (3)
Scrolls
 c - a scroll of fog
 i - a scroll of identify {unknown}
Potions
 h - a potion of attraction {unknown}
 j - a potion of invisibility {unknown}


   Skills:
 + Level 2.4 Fighting
 + Level 2.0 Short Blades
 + Level 2.4 Dodging
 + Level 6.2 Stealth


You couldn't memorise any spells.
You didn't know any spells.
Your spell library was empty.

Dungeon Overview and Level Annotations

Branches:
Dungeon (6/15)
 Temple: D:4-7

Altars:

Annotations:
D:5 Dowan, Duvessa, Pikel


Message History

Found a stone staircase leading up.
An adder comes into view.
Found a stone staircase leading up.
There is a stone staircase leading up here.
The hound bites you but does no damage.
You climb upwards.
There is a stone staircase leading down here.
You barely miss the hound. The hound bites you.
It was a potion of curing.
You feel better. The hound closely misses you.
The hound attacks as you move away! The hound bites you.
Found a leather armour.
You hit the hound.
The hound is moderately wounded.
The hound barely misses you.
You hit the hound.
The hound is moderately wounded.
The hound bites you.
You hit the hound.
The hound is heavily wounded.
The hound barely misses you.
You feel better.
Your extra speed is starting to run out.
The hound bites you.
You closely miss the hound.
The hound is heavily wounded.
The hound bites you.
You closely miss the hound.
The hound is heavily wounded.
The hound bites you.
You barely miss the hound.
The hound is heavily wounded.
The hound closely misses you.
You barely miss the hound.
The hound is heavily wounded.
The hound bites you.
* * * LOW HITPOINT WARNING * * *
You hit the hound but do no damage.
The hound is heavily wounded.
The hound bites you.
You die...

### ..# #.#
#.# #.##### #
#>....#
...##.#h###.#
#.....@#
####.....#
###.#.# #.#.#
#.. . ... ..
..# .. .[#
...


You could see a hound.

Vanquished Creatures
  A ball python (D:4)
  A goblin (D:5)
2 creatures vanquished.

Notes
Turn   | Place    | Note
-------+----------+-------------------------------------------
     0 | D:5      | zlionsfan the Deep Elf Delver began the quest for the Orb.
     0 | D:5      | Reached XP level 1. HP: 13/13 MP: 3/3
     4 | D:5      | Noticed Dowan
     4 | D:5      | Noticed Duvessa
   251 | D:6      | Noticed a jelly
   277 | D:6      | Noticed a sky beast
   278 | D:6      | Noticed a scorpion
   348 | D:5      | Noticed a wight
   376 | D:4      | Noticed an ogre
   432 | D:5      | Noticed a black bear
   475 | D:5      | Noticed an iguana
   604 | D:5      | Noticed a lemure
   605 | D:5      | Noticed Pikel
   605 | D:5      | Noticed a lemure
   606 | D:5      | Noticed a lemure
   606 | D:5      | Noticed a lemure
   610 | D:5      | Noticed an iguana
   615 | D:4      | Noticed a hound
   666 | D:3      | Slain by a hound

Illustrated notes

Levels and vault maps discovered:
D:3:      layout_loops_cross, uniq_natasha
D:4:      layout_cave_pools, kennysheep_orc_sif_temple, serial_park,
          serial_park_square2, serial_park_fountain, serial_park_tiny_1,
          uniq_ijyb
D:5:      layout_rooms, mainiacjoe_overflow_24_doors,
          nicolae_concentric_dashed_squares_mild, small_statue_intersection,
          uniq_edmund, uniq_pikel, uniq_duvessa, uniq_crazy_yiuf_cottage
D:6:      layout_loops_ring, minmay_temple_entry_enclosed_plants,
          minmay_statues_item, nicolae_grassy_gnolls

Action                   || total
-------------------------++-------
Melee: Short sword       ||    13
  Use: Potion            ||     3
       Scroll            ||     2
 Stab: Sleeping          ||     1
Armor: Leather armour    ||     4
Dodge: Dodged            ||    10
